 Dungeon Crawl Stone Soup version 0.27.1-35-g4d5d836560 (webtiles) character file.

Game seed: 2441191413499361973

239 cbfl8 the Sneak (level 5, -3/47 HPs)
             Began as a Minotaur Delver on Mar 26, 2022.
             Succumbed to a scorpion's poison
             ... on level 5 of the Dungeon.
             The game lasted 00:00:56 (418 turns).

cbfl8 the Sneak (Minotaur Delver)                    Turns: 418, Time: 00:00:57

Health: -3/47      AC:  3    Str: 18    XL:     5   Next: 79%
Magic:  4/4        EV: 12    Int:  7    God:
Gold:   25         SH:  0    Dex: 11    Spells: 4/4 levels left

rFire    . . .     SeeInvis .   a - +0 hand axe
rCold    . . .     Faith    .   (no shield)
rNeg     . . .     Spirit   .   b - +0 leather armour
rPois    .         Reflect  .   (helmet restricted)
rElec    .         Harm     .   (no cloak)
rCorr    .         Rampage  .   (no gloves)
Will     .....                  (no boots)
Stlth    +++.......             (no amulet)
HPRegen  0.15/turn              (no ring)
MPRegen  0.09/turn              (no ring)

@: lethally poisoned (-3 -> -25)
A: horns 2, retaliatory headbutt
a: no special abilities


You were on level 5 of the Dungeon.
You visited 1 branch of the dungeon, and saw 1 of its levels.

You collected 25 gold pieces.

Inventory:

Hand Weapons
 a - a +0 hand axe (weapon)
Armour
 b - a +0 leather armour (worn)
Wands
 g - a wand of digging (3)
Scrolls
 c - a scroll of fog
 e - 2 scrolls of fear
 f - a scroll of identify {unknown}
 h - a scroll of enchant weapon {unknown}
Potions
 d - a potion of attraction {unknown}


   Skills:
 + Level 4.5 Fighting
 + Level 3.8 Axes
 + Level 1.7 Armour
 + Level 2.6 Dodging
 + Level 5.6 Stealth


You had 4 spell levels left.
You didn't know any spells.
Your spell library was empty.

Dungeon Overview and Level Annotations

Branches:
Dungeon (5/15)
 Temple: D:4-7

Altars:


Innate Abilities, Weirdness & Mutations

You have a pair of horns on your head.
You reflexively headbutt those who attack you in melee.


Message History

You closely miss something. You hit the orc.
Something hits you but does no damage. The orc completely misses you.
You furiously retaliate!
You headbutt the orc.
You kill the orc!
Something hits you but does no damage.
You hit something but do no damage. You headbutt something.
Something hits you but does no damage.
You barely miss something. You hit the scorpion. The scorpion misses you.
Something hits you.
You completely miss something. You hit the scorpion but do no damage.
The scorpion barely misses you. Something hits you.
You miss something. Your headbutt misses something.
You hit the scorpion but do no damage. The scorpion stings you.
You are poisoned.
The scorpion poisons you! Something hits you. The scorpion stings you.
You completely miss something. You hit the scorpion.
You feel sick. The scorpion stings you.
You are more poisoned.
The scorpion poisons you! Something hits you but does no damage.
You closely miss the scorpion. You headbutt the scorpion.
The scorpion is heavily wounded.
You closely miss something.
You feel very sick. The scorpion stings you.
* * * LOW HITPOINT WARNING * * *
You are more poisoned.
The scorpion poisons you! Something hits you.
* * * LOW HITPOINT WARNING * * *
You slash the scorpion! Your headbutt misses the scorpion.
The scorpion is almost dead.
You hit something.
* * * LOW HITPOINT WARNING * * *
You feel very sick. The scorpion closely misses you. Something hits you.
* * * LOW HITPOINT WARNING * * *
The scorpion barely misses you.
You slash the scorpion!
You kill the scorpion!
You hit something.
You die...

*#..#####...........##*,,,,,*
*#..## #...........#*,,,,,,*
#..#* #.#..###........,,,>*
**#..***####....# #.........,,,*
**....,,,......#.###.........,,,*
,!.#.#***.#...............#..,,,*
*###.****......#...........).,,,*
****,**,,.......†{.#....##..,,,**
,,,,,,,,,......)@)##*###*****,,*
,,,,,,,,,.........#**********,**
,,,,,,,,,....(......,<,,,,,,,,*
,,,,,,,,,.............,,*******
,,,,,,,,,...............,**
,,,,,,,,,...............,,*
,,,,,,*,,...............,,*
,,,,,,*,,...............,,*
*,,,,,,,,,,,,,**,,,,,,,,,,*


There were no monsters in sight!

Vanquished Creatures
  Blork the orc (D:5)
  A scorpion (D:5)
  A wyvern skeleton (D:5)
  A scorpion zombie (D:5)
  A bullfrog skeleton (D:5)
  An iguana (D:5)
  An orc wizard (D:5)
  An adder (D:5)
  6 orcs (D:5)
  A quokka (D:5)
15 creatures vanquished.

Notes
Turn   | Place    | Note
-------+----------+-------------------------------------------
     0 | D:5      | cbfl8 the Minotaur Delver began the quest for the Orb.
     0 | D:5      | Reached XP level 1. HP: 19/19 MP: 0/0
    16 | D:5      | Noticed Blork the orc
    19 | D:5      | Noticed an orc wizard
    25 | D:5      | Reached XP level 2. HP: 16/27 MP: 1/1
    26 | D:5      | Reached XP level 3. HP: 11/33 MP: 2/2
    29 | D:5      | Reached skill level 5 in Stealth
    32 | D:5      | Killed Blork the orc
    33 | D:5      | Reached skill level 1 in Armour
    33 | D:5      | Reached XP level 4. HP: 13/40 MP: 3/3
    94 | D:5      | Reached XP level 5. HP: 8/46 MP: 4/4
   418 | D:5      | Succumbed to a scorpion's poison

Illustrated notes

Levels and vault maps discovered:
D:5:      layout_rooms, minmay_ruined_shrine, uniq_blork_the_orc

Skill      XL: |  1  2  3 |
---------------+----------+-----
Fighting       | 4 |  4.5
Stealth        | 5 |  5.6
Axes           | 3 |  3.8
Armour         | 1 |  1.7
Dodging        | |  2.6

Action                   |  1- 3 |  4- 6 || total
-------------------------+-------+-------++-------
Melee: Hand axe          |    11 |    31 ||    42
       Headbutt          |     2 |     8 ||    10
  Use: Scroll            |     1 |       ||     1
       Potion            |     1 |       ||     1
Armor: Leather armour    |     2 |    10 ||    12
Dodge: Dodged            |    14 |    29 ||    43
